 Dungeon Crawl Stone Soup version 0.21.1-74-g47da925 (webtiles) character file.

12772 Sogov the Destroyer (level 11, -2/54 HPs)
             Began as a Deep Elf Conjurer on Aug 9, 2018.
             Was a Believer of Vehumet.
             Slain by a wolf (8 damage)
             ... on level 2 of the Lair of Beasts.
             The game lasted 00:49:48 (17322 turns).

Sogov the Destroyer (Deep Elf Conjurer)            Turns: 17322, Time: 00:49:48

Health: -2/54      AC:  8    Str:  5    XL:     11   Next: 66%
Magic:  6/29       EV: 14    Int: 27    God:    Vehumet [**....]
Gold:   624        SH:  7    Dex: 15    Spells: 18/35 levels left

rFire    + . .     SeeInvis .   a - +1 whip (venom)
rCold    . . .     Gourm    .   q - +2 buckler
rNeg     . . .     Faith    .   t - +0 robe
rPois    .         Spirit   .   y - +0 helmet
rElec    .         Reflect  .   D - scarf {repulsion}
rCorr    .         Harm     +   v - +2 pair of gloves of Death Resistance {Int+3}
MR       +....                  k - +1 pair of boots
Stlth    ++........             l - amulet of harm
HPRegen  0.18/turn              g - ring of flight
MPRegen  0.21/turn              u - ring of protection from fire

@: very slightly contaminated, repel missiles
A: no striking features
a: Renounce Religion, Evoke Flight


You were on level 2 of the Lair of Beasts.
You worshipped Vehumet.
Vehumet was pleased with you.
You were hungry.

You visited 3 branches of the dungeon, and saw 14 of its levels.

You collected 624 gold pieces.

Inventory:

Hand Weapons
 a - a +1 whip of venom (weapon)
 b - a +2 whip of electrocution
Armour
 k - a +1 pair of boots (worn)
 q - a +2 buckler (worn)
 t - a +0 robe (worn)
 v - the +2 pair of gloves of Death Resistance (worn) {Int+3}
   (You found it on level 4 of the Dungeon)

   It affects your intelligence (+3).
 y - a +0 helmet (worn)
 D - a scarf of repulsion (worn)
 G - the +5 ring mail of Patience {Regen+ Slay+5}
   (You found it on level 9 of the Dungeon)

   It affects your accuracy and damage with ranged weapons and melee attacks
   (+5).
   It increases your rate of regeneration.
Jewellery
 g - a ring of flight (left hand)
 l - an amulet of harm (around neck)
 p - an uncursed ring of ice {unknown}
 u - a ring of protection from fire (right hand)
 E - a +4 ring of strength {unknown}
 F - an uncursed ring of protection from magic {unknown}
Wands
 f - a wand of paralysis (33)
 j - a wand of random effects (32)
 o - a wand of iceblast (6)
 x - a wand of flame (50)
 L - a wand of disintegration (19)
 O - a wand of acid (14)
Scrolls
 e - 5 scrolls of remove curse
 h - 8 scrolls of identify
 i - 5 scrolls of fear
 m - 2 scrolls of teleportation
 s - 4 scrolls of enchant armour
 w - a scroll of random uselessness
 K - a scroll of enchant weapon {unknown}
 M - a scroll of magic mapping {unknown}
 P - a scroll of amnesia {unknown}
Potions
 d - a potion of might
 r - 6 potions of curing
 z - a potion of cancellation
 H - a potion of flight {unknown}
 I - a potion of magic {unknown}
 J - a potion of berserk rage {unknown}
 Q - 2 potions of invisibility {unknown}
Books
 A - a book of Maledictions

   Spells                             Type                      Level
   a - Corona                         Hexes                        1
   b - Ensorcelled Hibernation        Hexes/Ice                    2
   c - Confuse                        Hexes                        3
   d - Tukima's Dance                 Hexes                        3
   e - Dazzling Spray                 Conjuration/Hexes            3
 C - a book of Conjurations

   Spells                             Type                      Level
   a - Magic Dart                     Conjuration                  1
   b - Searing Ray                    Conjuration                  2
   c - Dazzling Spray                 Conjuration/Hexes            3
   d - Fulminant Prism                Conjuration/Hexes            4
   e - Force Lance                    Conjuration/Translocation    4
   f - Iskenderun's Mystic Blast      Conjuration                  4
Comestibles
 c - 25 rations


   Skills:
 - Level 3.8 Dodging
 - Level 2.4 Stealth
 - Level 4.0 Shields
 - Level 12.6 Spellcasting
 + Level 13.7 Conjurations
 - Level 10.1 Hexes
 + Level 3.4 Charms
 + Level 2.8 Necromancy


You had 18 spell levels left.
You knew the following spells:

 Your Spells              Type           Power        Failure   Level  Hunger
a - Magic Dart            Conj           ####         0%          1    None
b - Dazzling Spray        Conj/Hex       ######       1%          3    None
c - Iskenderun's Mystic   Conj           #######.     1%          4    None
d - Regeneration          Chrm/Necr      ####......   2%          3    None
e - Shroud of Golubria    Chrm/Tloc      ####......   2%          2    None
f - Force Lance           Conj/Tloc      ######..     1%          4    None


Dungeon Overview and Level Annotations

Branches:
Dungeon (10/15)            Temple (1/1) D:6            Lair (3/6) D:8
  Swamp (0/4) Lair:2       Spider (0/4) Lair:2
    Orc: D:9-12

Altars:
Ashenzari
Dithmenos
Elyvilon
Fedhas
Makhleb
Okawaru
Sif Muna
Trog
Vehumet
Wu Jian
Xom
Yredelemnul

Shops:
D:6 (

Annotations:
D:2 1 runed door
Lair:2 1 runed door


Message History

The wolf bites you but does no damage. The wolf misses you.
You block the wolf's attack. The wolf bites you.
* * * LOW HITPOINT WARNING * * *
You block the wolf's attack. The wolf bites you.
* * * LOW HITPOINT WARNING * * *
Your surroundings suddenly seem different.
Casting: Dazzling Spray
Confirm with . or Enter, or press ? or * to list all spells.
Aiming: Force Lance
Press: ? - help, Shift-Dir - straight line, f - wolf, p - wolf
Aim: a wolf (lightly wounded, inner flame)
The lance of force hits the wolf.
The wolf is moderately wounded.
The wolf is knocked back by the lance of force.
The wolf collides with the wolf!
The wolf howls!
The wolf pauses to sniff the ground.
The wolf bites you!
You die...

###### ###### #..#.#
###....# ###..... #......##
#P...... #......P# #.......
##.......###### ##.......
#..>.....#.P#.#####........
##.......h@................
#.......hh.................
#..........#.##............
##.........##########......
#P........## ##.....
#........## #..###
#........## ####
##........# #........##


You could see 3 wolves.

Vanquished Creatures
  A hydra (Lair:1)
  A two-headed ogre (D:10)
  The ghost of toffzen the Quickloader, a novice KoHu of Nemelex Xobeh (D:7)
  Pikel (D:7)
  A spiny frog (Lair:2)
  A komodo dragon (Lair:2)
  A hippogriff (D:4)
  A dream sheep (Lair:2)
  4 blink frogs (Lair:2)
  A redback (Lair:2)
  Eustachio (D:5)
  3 wyverns
  A hungry ghost (D:7)
  A human (D:9)
  A basilisk (Lair:2)
  8 yaks
  Menkaure (D:7)
  A water moccasin (D:7)
  A sky beast (D:6)
  8 porcupines
  2 orc warriors
  4 ice beasts
  6 ogres
  2 slaves (D:7)
  5 black bears
  6 wolves
  4 phantoms
  4 centaurs
  6 crocodiles
  A big kobold (D:7)
  6 bullfrogs
  A water moccasin skeleton (D:7)
  3 scorpions
  A howler monkey (D:7)
  2 crimson imps
  A bullfrog zombie (D:6)
  A centaur zombie (D:8)
  3 hounds
  A gnoll shaman (D:6)
  4 bullfrog skeletons
  2 centaur skeletons
  2 jellies
  8 orc priests
  Jessica (D:3)
  Ijyb (D:3)
  An iguana (D:4)
  14 orc wizards
  2 hell rats (Lair:2)
  5 worker ants
  A hound skeleton (D:5)
  A worker ant zombie (D:5)
  14 gnolls
  9 river rats (Lair:2)
  3 adders
  2 shadow imps (D:9)
  An ooze (D:2)
  3 adder skeletons
  2 adder zombies
  3 worms
  2 dart slugs (D:4)
  8 leopard geckos
  33 orcs
  A ball python (D:1)
  4 giant cockroaches
  5 goblins
  5 hobgoblins
  12 jackals
  12 kobolds
  2 quokkas
  4 bats
  3 frilled lizards
  A jackal skeleton (D:5)
  A jackal zombie (D:5)
  2 rats
  A spectral orc (D:3)
  3 fungi
  2 plants (Lair:3)
278 creatures vanquished.

Vanquished Creatures (others)
  2 fungi (D:8)
  2 plants (D:8)
  11 toadstools (Lair:2)
15 creatures vanquished.

Grand Total: 293 creatures vanquished

Notes
Turn   | Place    | Note
-------+----------+-------------------------------------------
     0 | D:1      | Sogov the Deep Elf Conjurer began the quest for the Orb.
     0 | D:1      | Reached XP level 1. HP: 10/10 MP: 6/6
   331 | D:1      | Reached XP level 2. HP: 15/15 MP: 3/8
  1156 | D:2      | Found a shattered altar of Ashenzari.
  1264 | D:2      | Reached skill level 5 in Conjurations
  1264 | D:2      | Reached XP level 3. HP: 19/19 MP: 7/10
  1417 | D:2      | Found a runed door.
  1807 | D:2      | Reached XP level 4. HP: 24/24 MP: 8/12
  1912 | D:2      | Learned a level 3 spell: Dazzling Spray
  1917 | D:2      | Learned a level 4 spell: Iskenderun's Mystic Blast
  2350 | D:3      | Noticed Jessica
  2354 | D:3      | Killed Jessica
  2354 | D:3      | Reached skill level 5 in Spellcasting
  2493 | D:3      | Noticed Ijyb
  2518 | D:3      | Killed Ijyb
  2518 | D:3      | Reached XP level 5. HP: 28/28 MP: 0/14
  2807 | D:3      | Found a basalt altar of Yredelemnul.
  2842 | D:3      | Found a faded altar of an unknown god.
  2993 | D:3      | Reached skill level 6 in Conjurations
  3270 | D:3      | Found a deep blue altar of Sif Muna.
  3526 | D:3      | Reached XP level 6. HP: 32/32 MP: 5/17
  3868 | D:4      | Got a pair of twisted gloves
  3952 | D:4      | Noticed a hippogriff
  3961 | D:3      | Identified the +2 pair of gloves of Death Resistance {Int+3} (You found it on level 4 of the Dungeon)
  4375 | D:4      | Reached skill level 7 in Conjurations
  4549 | D:4      | Killed a hippogriff
  4549 | D:4      | Reached XP level 7. HP: 22/36 MP: 10/20
  4806 | D:4      | Reached skill level 8 in Conjurations
  4942 | D:4      | You fall through a shaft for 3 floors!
  5169 | D:5      | Entered Level 5 of the Dungeon
  5464 | D:5      | Found a burning altar of Makhleb.
  5465 | D:5      | Noticed Eustachio
  5465 | D:5      | Reached XP level 8. HP: 41/41 MP: 17/22
  5466 | D:5      | Killed Eustachio
  5466 | D:5      | Reached skill level 9 in Conjurations
  5467 | D:5      | Found a shimmering altar of Xom.
  6240 | D:5      | Reached skill level 1 in Hexes
  6497 | D:5      | Reached skill level 10 in Conjurations
  7151 | D:6      | Reached XP level 9. HP: 45/45 MP: 10/24
  7152 | D:6      | Reached skill level 10 in Spellcasting
  7604 | D:6      | Found Vihoeras's Weapon Boutique.
  7732 | D:6      | Reached skill level 5 in Hexes
  8323 | D:6      | Found a staircase to the Ecumenical Temple.
  8369 | Temple   | Entered the Ecumenical Temple
  8397 | Temple   | Became a worshipper of Vehumet
  8811 | D:7      | Reached skill level 11 in Conjurations
  8925 | D:7      | Noticed Pikel
  8932 | D:7      | Killed Pikel
  9333 | D:7      | Noticed toffzen's ghost (novice KoHu)
  9345 | D:7      | Killed toffzen's ghost
  9345 | D:7      | Reached XP level 10. HP: 9/50 MP: 5/27
  9603 | D:7      | Noticed Menkaure
  9906 | D:7      | Found a bloodstained altar of Trog.
 10161 | D:7      | Killed Menkaure
 10263 | D:8      | Found a deep blue altar of Sif Muna.
 10557 | D:8      | Learned a level 3 spell: Regeneration
 10560 | D:8      | Learned a level 2 spell: Shroud of Golubria
 10565 | D:8      | Learned a level 4 spell: Force Lance
 10951 | D:8      | Found a shadowy altar of Dithmenos.
 10991 | D:8      | Reached skill level 12 in Conjurations
 11100 | D:8      | Found a staircase to the Lair.
 12348 | D:9      | Reached * piety under Vehumet
 12348 | D:9      | Offered knowledge of Shock by Vehumet.
 12549 | D:9      | Found a blossoming altar of Fedhas.
 12616 | D:9      | Got an ichor-stained ring mail
 12617 | D:9      | Identified the +5 ring mail of Patience {Regen+ Slay+5} (You found it on level 9 of the Dungeon)
 14156 | D:9      | Found an ornate altar of the Wu Jian Council.
 14359 | D:10     | Entered Level 10 of the Dungeon
 14359 | D:10     | Noticed a two-headed ogre
 14363 | D:10     | Killed a two-headed ogre
 14363 | D:10     | Reached skill level 1 in Shields
 14363 | D:10     | Reached skill level 10 in Hexes
 14363 | D:10     | Reached XP level 11. HP: 54/54 MP: 15/29
 14440 | D:10     | Reached ** piety under Vehumet
 14685 | Lair:1   | Entered Level 1 of the Lair of Beasts
 14685 | Lair:1   | Noticed an eight-headed hydra
 14692 | Lair:1   | Killed an eight-headed hydra
 14692 | Lair:1   | Offered knowledge of Freeze by Vehumet.
 14789 | Lair:1   | Reached skill level 13 in Conjurations
 16165 | Lair:2   | Found a runed door.
 16264 | Lair:2   | Found a staircase to the Swamp.
 16739 | Lair:2   | Reached skill level 1 in Charms
 16739 | Lair:2   | Reached skill level 1 in Necromancy
 16978 | Lair:2   | Found a hole to the Spider Nest.
 17322 | Lair:2   | Slain by a wolf

Skill      XL: |  1  2  3  4  5  6  7  8  9 10 11 |
---------------+----------------------------------+-----
Spellcasting   | 4 5 6 7 8 9 11 12 | 12.6
Conjurations   | 5 6 7 8 10 11 12 13 | 13.7
Hexes          | 3 7 10 | 10.1
Dodging        | 3 |  3.8
Shields        | 1 4 |  4.0
Charms         | 3 |  3.4
Necromancy     | 2 |  2.8
Stealth        | |  2.4

Action                   |  1- 3 |  4- 6 |  7- 9 | 10-12 || total
-------------------------+-------+-------+-------+-------++-------
Melee: Unarmed           |     2 |       |       |       ||     2
       Mace              |       |     3 |       |       ||     3
       Whip              |       |     2 |    34 |    25 ||    61
 Cast: Magic Dart        |    59 |   115 |   209 |   294 ||   677
       Iskenderun's Myst |       |     8 |    27 |     8 ||    43
       Dazzling Spray    |       |     6 |    17 |    78 ||   101
       Force Lance       |       |       |       |    47 ||    47
       Shroud of Golubri |       |       |       |     7 ||     7
       Regeneration      |       |       |       |     2 ||     2
  Use: Scroll            |       |    10 |     2 |     5 ||    17
       Potion            |       |       |     2 |     1 ||     3
 Stab: Invisible         |       |     2 |     1 |     1 ||     4
       Sleeping          |       |       |     1 |       ||     1
  Eat: Chunk             |     3 |     9 |    13 |    18 ||    43
       Ration            |       |       |       |     2 ||     2
Armor: Robe              |       |    10 |    21 |    22 ||    53
Dodge: Dodged            |     5 |    16 |    62 |    77 ||   160
Block: Buckler           |       |       |       |    19 ||    19
